 Dungeon Crawl Stone Soup version 0.25-a0-617-g20d90ebb82 (console) character file.

Game seed: 15812482528064469317, levelgen mode: classic

562 Duffy the Insei (level 7, 52/52 HPs)
             Began as a Black Draconian Transmuter on Mar 18, 2020.
             Quit the game on level 4 of the Dungeon.
             The game lasted 00:04:51 (4389 turns).

Duffy the Insei (Black Draconian Transmuter)        Turns: 4389, Time: 00:04:52

Health: 52/52      AC:  9    Str: 12    XL:     7   Next: 10%
Magic:  13/13      EV: 13    Int: 15    God:
Gold:   180        SH:  0    Dex: 12    Spells: 3/14 levels left

rFire    . . .     SeeInvis .     - Unarmed
rCold    . . .     Gourm    .   (no shield)
rNeg     . . .     Faith    .   (armour unavailable)
rPois    +         Spirit   .   (helmet restricted)
rElec    +         Reflect  .   e - +2 cloak
rCorr    .         Harm     .   (no gloves)
MR       .....                  (no boots)
Stlth    +.........             (no amulet)
HPRegen  0.17/turn              f - ring of poison resistance
MPRegen  0.13/turn              (no ring)

@: no status effects
A: breathe lightning, unfitting armour, electricity resistance, cold-blooded, AC
+6
a: Breathe Lightning


You were on level 4 of the Dungeon.
You were not hungry.

You visited 1 branch of the dungeon, and saw 4 of its levels.

You collected 180 gold pieces.

Inventory:

Missiles
 a - 91 arrows
Armour
 e - a +2 cloak (worn)
 o - a scarf of cloud immunity
Jewellery
 f - a ring of poison resistance (left hand)
Wands
 h - a wand of digging (6)
 m - a wand of polymorph (7)
Scrolls
 b - 3 scrolls of teleportation {unknown}
 d - a scroll of amnesia {unknown}
 g - 5 scrolls of identify {unknown}
 i - 2 scrolls of immolation {unknown}
 j - 2 scrolls of enchant armour {unknown}
 l - 2 scrolls of blinking {unknown}
Potions
 n - a potion of brilliance {unknown}
Comestibles
 c - 6 rations
 k - 2 chunks of flesh


   Skills:
 - Level 1.1 Fighting
 + Level 3.4 Dodging
 - Level 5.0 Unarmed Combat
 - Level 4.2 Spellcasting
 - Level 3.0 Transmutations
 - Level 2.0 Poison Magic


You had 3 spell levels left.
You knew the following spells:

 Your Spells              Type           Power        Failure   Level  Hunger
e - Sticks to Snakes      Tmut           ##......     8%          2    ##.....
h - Spider Form           Tmut/Pois      ##........   19%         3    ###....
l - Blade Hands           Tmut           ##........   80%         5    ######.
w - Beastly Appendage     Tmut           ##....       4%          1    None

Your spell library contained the following spells:

 Spells                   Type           Power        Failure   Level  Hunger
 Ice Form                 Ice/Tmut       #.......     67%         4    ####...


Dungeon Overview and Level Annotations

Branches:
Dungeon (4/15)
 Temple: D:4-7

Altars:


Innate Abilities, Weirdness & Mutations

You can breathe wild blasts of lightning.
Your glossy black scales are hard. (AC +6)
You cannot fit into any form of body armour.
You are resistant to electric shocks. (rElec)
You are cold-blooded and may be slowed by cold attacks.


Message History

You punch the centaur skeleton!
The centaur skeleton is severely damaged.
The centaur skeleton hits you but does no damage.
You hit the centaur skeleton but do no damage.
The centaur skeleton is severely damaged.
The centaur skeleton hits you.
You hit the centaur skeleton.
The centaur skeleton is severely damaged.
The centaur skeleton hits you.
You hit the centaur skeleton. You tail-slap the centaur skeleton.
You destroy the centaur skeleton!
No target in view!
No target in view!
No target in view!
Found a stone staircase leading up.
There is an open door here.
A worm comes into view.
A worm is nearby!
The worm barely misses you.
Are you sure you want to abandon this character and quit the game? (Confirm with "yes".)

#########
#.......#.......#
+.......+.>.....#
####.......###.....#
.#..................#
........########'####
##.####.#.....##.#
#.#.##.###.#
####.#.##.# #.#
#.w@.#.##.###.#
#.#..#........# #
...#....#####
#...#.#### ....#<#
....##.# ##...##.#
########


You could see a worm.

Vanquished Creatures
  Purgy (D:3)
  An ogre (D:4)
  A howler monkey (D:4)
  An orc priest (D:3)
  A hound (D:4)
  A centaur skeleton (D:4)
  Terence (D:2)
  2 worker ants (D:4)
  6 adders
  3 oozes
  3 worms
  A dart slug (D:1)
  5 leopard geckos
  10 orcs
  6 giant cockroaches
  5 goblins
  7 hobgoblins
  4 jackals (D:1)
  2 quokkas
  2 ball pythons (D:1)
  8 bats
  8 frilled lizards
  12 kobolds
  5 rats
96 creatures vanquished.

Notes
Turn   | Place    | Note
-------+----------+-------------------------------------------
     0 | D:1      | Duffy the Draconian Transmuter began the quest for the Orb.
     0 | D:1      | Reached XP level 1. HP: 16/16 MP: 3/3
   118 | D:1      | Reached XP level 2. HP: 22/23 MP: 5/5
   383 | D:1      | Reached XP level 3. HP: 28/28 MP: 6/6
  1031 | D:1      | Learned a level 2 spell: Sticks to Snakes
  1035 | D:1      | Learned a level 3 spell: Spider Form
  1276 | D:2      | HP: 1/28 [poisoned by an adder]
  1422 | D:2      | Reached XP level 4. HP: 29/35 MP: 8/8
  1595 | D:2      | Noticed Terence
  1607 | D:2      | Killed Terence
  1607 | D:2      | Reached skill level 1 in Poison Magic
  1880 | D:3      | Reached skill level 4 in Unarmed Combat
  1880 | D:3      | Reached XP level 5. HP: 40/40 MP: 5/9
  2020 | D:3      | Noticed Purgy
  2048 | D:3      | Killed Purgy
  2657 | D:3      | Reached XP level 6. HP: 47/47 MP: 12/12
  3189 | D:4      | Learned a level 5 spell: Blade Hands
  3914 | D:4      | Reached skill level 5 in Unarmed Combat
  4267 | D:4      | Your scales start taking on a glossy black colour.
  4267 | D:4      | Reached XP level 7. HP: 52/52 MP: 9/13
  4267 | D:4      | Gained mutation: You are resistant to electric shocks.
                  | (rElec) [Black Draconian growth]
  4389 | D:4      | Quit the game

Levels and vault maps discovered:
D:1:      minmay_arrival_split_and_join, layout_basic, serial_bayou_pond_c
D:2:      layout_basic, serial_rivers, chequers_serial_rivers_small_a,
          chequers_serial_rivers_micro_e, chequers_serial_rivers_micro_d,
          chequers_serial_rivers_micro_a, uniq_terence
D:3:      layout_basic, minmay_liquid_box, uniq_purgy
D:4:      corexii_shack_village, layout_basic, first_ration

Skill      XL: |  1  2  3  4  5  6 |
---------------+-------------------+-----
Transmutations | 3 |  3.0
Poison Magic   | 1 2 |  2.0
Unarmed Combat | 4 5 |  5.0
Spellcasting   | 3 4 |  4.2
Dodging        | 3 |  3.4
Fighting       | |  1.1

Action                   |  1- 3 |  4- 6 |  7- 9 || total
-------------------------+-------+-------+-------++-------
Melee: Unarmed           |   161 |   216 |     6 ||   383
       Tailslap          |    15 |    11 |     1 ||    27
       Punch             |     1 |     2 |       ||     3
 Cast: Spider Form       |       |    13 |       ||    13
  Use: Potion            |     3 |       |       ||     3
 Stab: Sleeping          |       |     1 |       ||     1
  Eat: Chunk             |     2 |    10 |     1 ||    13
Armor: Skin              |    70 |    41 |     1 ||   112
Dodge: Dodged            |   118 |   150 |     3 ||   271

Table legend:
 A = Non-vault XP
 B = Vault XP
 C = Vault XP percentage of total XP
 D = Non-vault monster count
 E = Vault monster count
 F = Vault count percentage of total count
                 A         B        C        D         E       F
            +---------+---------+-------+---------+---------+-------
      Total |     597 |     206 |  25.7 |      82 |      14 |  14.6
            +---------+---------+-------+---------+---------+-------
        D:1 |      60 |       0 |   0.0 |      30 |       0 |   0.0
        D:2 |      52 |      38 |  42.2 |      16 |       1 |   5.9
        D:3 |     111 |     142 |  56.1 |      20 |       1 |   4.8
        D:4 |     374 |      26 |   6.5 |      16 |      12 |  42.9
            +---------+---------+-------+---------+---------+-------
